 Dungeon Crawl Stone Soup version 0.32-a0-607-g64ea0e4219 (webtiles) character file.

Game seed: 12424619216034067213

27 backslashecho the Conjurer (level 3, 0/24 HPs)
             Began as a Coglin Conjurer on Mar 3, 2024.
             Slain by a gnoll
             ... wielding a +0 flail of protection
              (6 damage)
             ... on level 1 of the Dungeon.
             The game lasted 00:02:20 (1132 turns).

backslashecho the Conjurer (Coglin Conjurer)        Turns: 1132, Time: 00:02:21

Health: 0/24       AC:  2    Str:  7    XL:     3   Next: 10%
Magic:  1/6        EV: 12    Int: 19    God:
Gold:   20         SH:  0    Dex: 12    Spells: 6/7 levels left

rFire   . . .        c - +0 whip {Rafael}
rCold   . . .        d - +0 short sword {Suthep}
rNeg    . . .        a - +0 robe
rPois   .            (no helmet)
rElec   .            (no cloak)
rCorr   .            (no gloves)
SInv    .            (no boots)
Will    .....        (amulet unavailable)
Stlth   ++           (ring unavailable)
HPRegen 0.24/turn    (ring unavailable)
MPRegen 0.10/turn    (no gizmo)

%: no passive effects
@: no status effects
A: off-hand wielding, slow wielding, warmup strikes, no jewellery
a: Invent Gizmo


You were on level 1 of the Dungeon.
You visited 1 branch of the dungeon, and saw 2 of its levels.

You collected 20 gold pieces.

Inventory:

Hand Weapons
 c - a +0 whip (weapon) {Rafael}
 d - a +0 short sword (offhand) {Suthep}
Armour
 a - a +0 robe (worn)
Scrolls
 f - a scroll of enchant armour {unknown}
 g - 2 scrolls of identify {unknown}
 h - a scroll of acquirement {unknown}
Potions
 b - a potion of magic
 e - a potion of cancellation {unknown}


   Skills:
 - Level 1.7 Dodging
 - Level 1.5 Stealth
 * Level 2.6 Spellcasting
 + Level 3.9 Conjurations


You had 6 spell levels left.
You knew the following spells:

 Your Spells              Type           Power      Damage    Failure   Level
a - Magic Dart            Conj           68%        1d6       3%          1

Your spell library contained the following spells:

 Spells                   Type           Power      Damage    Failure   Level
 Searing Ray              Conj           34%        2d5       4%          2
 Fulminant Prism          Conj/Alch      4%         3d5       56%         4
 Iskenderun's Mystic Bla  Conj/Tloc      9%         2d4       56%         4


Dungeon Overview and Level Annotations

Branches:
Dungeon (2/15)

Altars:
Elyvilon


Innate Abilities, Weirdness & Mutations

You can wield a second weapon in your off-hand.
It takes a long time for you to wield or remove held weapons.
Your first few attacks do less damage.
You cannot equip rings or amulets.


Message History

Aim: a gnoll, wielding a +0 flail (almost dead, 100% to hit)
The magic dart hits the gnoll.
You kill the gnoll!
You have reached level 3!
Your experience leads to an increase in your attributes!
Increase (S)trength, (I)ntelligence, or (D)exterity?
You feel clever. x2
Your brain swirls with designs for a thermoturbine Ver.1.
You just need some more time...
Health restored: 24 You now have 1/6 mp.
There is a stone staircase leading up here.
Casting: Magic Dart (safe; 3% risk of failure)
Confirm with . or Enter, or press ? or * to list all spells.
Aiming: Magic Dart (safe; 3% risk of failure)
Press: ? - help, Shift-Dir - straight line, f - frilled lizard
Aim: a frilled lizard (100% to hit)
The magic dart hits the frilled lizard.
You kill the frilled lizard!
You now have 1/6 mp.
Casting: Magic Dart (safe; 3% risk of failure)
Confirm with . or Enter, or press ? or * to list all spells.
Aiming: Magic Dart (safe; 3% risk of failure)
Press: ? - help, Shift-Dir - straight line, f - gnoll
Aim: a gnoll, wielding a +0 spear and quivering 2 throwing nets (100% to hit)
The magic dart hits the gnoll.
The gnoll is lightly wounded.
You now have 0/6 mp.
Press: ? - help, v - describe, . - travel
Here: a gnoll, wielding a +0 spear and quivering 2 throwing nets (lightly wounded)
The floor.
Unknown command.
You climb upwards.
There is a stone staircase leading down here.
There is a stone staircase leading down here.
You regained 4 mp, and now have 4/6 mp.
You start resting.
Magic restored.
MP restored: 6 You climb downwards.
There is a stone staircase leading up here.
A gnoll comes into view.
It is wielding a +0 flail of protection.
The gnoll moves out of view.
The gnoll shouts!
Casting: Magic Dart (safe; 3% risk of failure)
Confirm with . or Enter, or press ? or * to list all spells.
Aiming: Magic Dart (safe; 3% risk of failure)
Press: ? - help, Shift-Dir - straight line, f - gnoll
Aim: a gnoll, wielding a +0 flail of protection (100% to hit)
The magic dart hits the gnoll.
The gnoll is lightly wounded.
You now have 5/6 mp.
Casting: Magic Dart (safe; 3% risk of failure)
Confirm with . or Enter, or press ? or * to list all spells.
Aiming: Magic Dart (safe; 3% risk of failure)
Press: ? - help, Shift-Dir - straight line, f/p - gnoll
Aim: a gnoll, wielding a +0 flail of protection (lightly wounded, 100% to hit)
The magic dart hits the gnoll.
The gnoll is moderately wounded.
You now have 4/6 mp.
Casting: Magic Dart (safe; 3% risk of failure)
Confirm with . or Enter, or press ? or * to list all spells.
Aiming: Magic Dart (safe; 3% risk of failure)
Press: ? - help, Shift-Dir - straight line, f/p - gnoll
Aim: a gnoll, wielding a +0 flail of protection (moderately wounded, 100% to hit)
The magic dart hits the gnoll but does no damage.
The gnoll is moderately wounded.
You now have 3/6 mp.
There is a stone staircase leading up here.
Casting: Magic Dart (safe; 3% risk of failure)
Confirm with . or Enter, or press ? or * to list all spells.
Aiming: Magic Dart (safe; 3% risk of failure)
Press: ? - help, Shift-Dir - straight line, f/p - gnoll
Aim: a gnoll, wielding a +0 flail of protection (moderately wounded, 100% to hit)
The magic dart hits the gnoll but does no damage.
The gnoll is moderately wounded.
You now have 3/6 mp.
The gnoll hits you with a +0 flail of protection!
You climb upwards.
There is a stone staircase leading down here.
You take 9 damage, and have 15/24 hp.
MASSIVE DAMAGE!!
Casting: Magic Dart (safe; 3% risk of failure)
Confirm with . or Enter, or press ? or * to list all spells.
Aiming: Magic Dart (safe; 3% risk of failure)
Press: ? - help, Shift-Dir - straight line, f - gnoll
Aim: a gnoll, wielding a +0 flail of protection (moderately wounded, 100% to hit)
The magic dart hits the gnoll but does no damage.
The gnoll is moderately wounded.
The gnoll hits you with a +0 flail of protection!
* * * LOW HITPOINT WARNING * * *
You take 9 damage, and have 6/24 hp.
MASSIVE DAMAGE!!
You now have 2/6 mp.
You aren't carrying any items that you can evoke.
Casting: Magic Dart (safe; 3% risk of failure)
Confirm with . or Enter, or press ? or * to list all spells.
Aiming: Magic Dart (safe; 3% risk of failure)
Press: ? - help, Shift-Dir - straight line, f/p - gnoll
Aim: a gnoll, wielding a +0 flail of protection (moderately wounded, 100% to hit)
The magic dart hits the gnoll but does no damage.
The gnoll is moderately wounded.
The gnoll hits you with a +0 flail of protection.
You die...

##..รทรท.#####
###.### ######
###....+...# ##...#
### ###....###.######
#..### #.###
##..............#
#.## #....
##.........####.###.#
######.##.
##.........# #.#...#
#...##.##.
#..........# #.#.###
#...##.###
#...########
#.#.######...##.#
#...#
#.@g....#....'..#
#...#
#######.#....####
#...# #.#....# #...#
#.#.#### #...# #.#.#
##### #...# #####


You could see a gnoll.

Vanquished Creatures
  A gnoll (D:2)
  A dart slug (D:1)
  2 bats (D:1)
  3 endoplasms (D:1)
  A quokka (D:1)
  2 ball pythons (D:1)
  2 frilled lizards
  2 kobolds (D:1)
  4 rats (D:1)
18 creatures vanquished.

Notes
Turn   | Place    | Note
-------+----------+-------------------------------------------
     0 | D:1      | backslashecho the Coglin Conjurer began the quest for the
                  | Orb.
     0 | D:1      | Reached XP level 1. HP: 13/13 MP: 3/3
   245 | D:1      | Reached XP level 2. HP: 19/19 MP: 1/5
   568 | D:1      | Found a faded altar of an unknown god.
   928 | D:2      | Found a white marble altar of Elyvilon.
  1021 | D:2      | Reached XP level 3. HP: 24/24 MP: 1/6
  1132 | D:1      | Slain by a gnoll

Illustrated notes

Levels and vault maps discovered:
D:1:      dpeg_arrival_tiny_d, layout_basic,
          shapermc_ecumenical_altar_mp_highgroup
D:2:      layout_basic, basic_altar

Skill      XL: |  1 |
---------------+----+-----
Spellcasting   | 2 |  2.6
Dodging        | |  1.7
Stealth        | |  1.5
Conjurations   | |  3.9

Action                     || total
---------------------------++-------
  Melee: Short sword       ||    22
         Whip              ||    19
   Cast: Magic Dart        ||    26
   Stab: Sleeping          ||     1
 Armour: Robe              ||    17
  Dodge: Dodged            ||    12

Table legend: (Time is in decaauts)
 A = Elapsed time spent in this place.
 B = Non-inter-level travel time spent in this place.
 C = Inter-level travel time spent in this place.
 D = Time resting spent in this place.
 E = Time spent auto-exploring this place.
 F = Levels seen in this place.
 G = Mean time per level.
                   A        B        C        D        E       F      G
               +--------+--------+--------+--------+--------+-----+--------+
         Total |   1136 |    941 |    195 |    123 |    598 |   2 |  568.0 |
       Dungeon |   1136 |    941 |    195 |    123 |    598 |   2 |  568.0 |
               +--------+--------+--------+--------+--------+-----+--------+

Top non-repeatable levels by time:
     D:1: 1037 daAuts
     D:2: 98 daAuts
